 Dungeon Crawl Stone Soup version 0.22-a0-3-g4fa69d9 (console) character file.

46 vegansnacktivist the Grave Robber (level 3, 0/24 HPs)
             Began as a Demonspawn Necromancer on Jan 2, 2018.
             Slain by a worm (8 damage)
             ... on level 2 of the Dungeon.
             The game lasted 00:02:05 (1560 turns).

vegansnacktivist the Grave Robber (DsNe)            Turns: 1560, Time: 00:02:06

Health: 0/24       AC:  4    Str:  8    XL:     3   Next: 46%
Magic:  0/6        EV: 12    Int: 17    God:
Gold:   88         SH:  0    Dex: 13    Spells: 5/6 levels left

rFire    . . .     SeeInvis .   (no weapon)
rCold    . . .     Gourm    .   (no shield)
rNeg     + . .     Faith    .   h - +2 robe {rN+}
rPois    .         Spirit   .   (no helmet)
rElec    .         Reflect  .   (no cloak)
rCorr    .         Harm     .   (no gloves)
MR       .....                  (no boots)
Stlth    ++........             (no amulet)
HPRegen  0.08/turn              (no ring)
MPRegen  0.10/turn              (no ring)

@: no status effects
A: claws 1
a: no special abilities


You were on level 2 of the Dungeon.
You were very hungry.

You visited 1 branch of the dungeon, and saw 2 of its levels.

You collected 88 gold pieces.

Inventory:

Armour
 h - a +2 robe of positive energy (worn)
Wands
 g - a wand of paralysis (9)
Potions
 a - 2 potions of resistance {unknown}
 e - 2 potions of heal wounds
 j - a potion of mutation {unknown}
Books
 b - a book of Necromancy

   Spells                             Type                      Level
   a - Pain                           Necromancy                   1
   b - Animate Skeleton               Necromancy                   1
   c - Vampiric Draining              Necromancy                   3
   d - Regeneration                   Charms/Necromancy            3
   e - Animate Dead                   Necromancy                   4
   f - Borgnjor's Vile Clutch         Necromancy/Earth             5
Comestibles
 c - 4 rations


   Skills:
 - Level 1.7 Dodging
 - Level 1.7 Stealth
 - Level 2.0 Spellcasting
 + Level 5.8 Necromancy


You had 5 spell levels left.
You knew the following spells:

 Your Spells              Type           Power        Failure   Level  Hunger
a - Pain                  Necr           ###.         1%          1    #......


Dungeon Overview and Level Annotations

Branches:
Dungeon (2/15)

Altars:
Dithmenos
Elyvilon
Ru
Yredelemnul


Innate Abilities, Weirdness & Mutations

You have sharp fingernails.


Message History

Press: ? - help, Shift-Dir - straight line, f/p - worm
Aim: a worm (heavily wounded, chance to defeat MR: 86%)
The worm writhes in agony!
The worm barely misses you.
You scratch the worm.
The worm is almost dead.
The worm bites you!
You scratch the worm.
The worm is almost dead.
You barely miss the worm.
The worm is almost dead.
The worm bites you.
You scratch the worm.
The worm is almost dead.
Casting: Pain
Confirm with . or Enter, or press ? or * to list all spells.
Aiming: Pain
Press: ? - help, Shift-Dir - straight line, f/p - worm
Aim: a worm (almost dead, chance to defeat MR: 86%)
The worm writhes in agony!
The worm bites you!
You die...

####### ....... .......
....... # ....... ###.. .#
....... ...... .# .#.....
.......###+###.#
.+.....+........@......#
.#.....#w.......w......#
.......#...............###
...........#.............#
.P.P......w#....#........#
.._.............#........#
.P.P... .#.........##+###
....... #.........##.#
...########.............


You could see a worm.

Vanquished Creatures
  Jessica (D:2)
  A worm (D:2)
  A dart slug (D:1)
  A giant cockroach (D:2)
  A goblin (D:1)
  A kobold (D:1)
  9 bats
  A frilled lizard (D:1)
  2 rats (D:1)
18 creatures vanquished.

Notes
Turn   | Place    | Note
-------+----------+-------------------------------------------
     0 | D:1      | vegansnacktivist the Demonspawn Necromancer began the quest for the Orb.
     0 | D:1      | Reached XP level 1. HP: 13/13 MP: 3/3
   432 | D:1      | Gained mutation: You have sharp fingernails. [demonic ancestry]
   432 | D:1      | Reached XP level 2. HP: 19/19 MP: 3/5
   536 | D:1      | Reached skill level 5 in Necromancy
   995 | D:2      | Noticed Jessica
  1344 | D:2      | Killed Jessica
  1344 | D:2      | Reached XP level 3. HP: 19/24 MP: 0/6
  1417 | D:2      | Found a shadowy altar of Dithmenos.
  1453 | D:2      | Found a basalt altar of Yredelemnul.
  1498 | D:2      | Found a white marble altar of Elyvilon.
  1502 | D:2      | Found a sacrificial altar of Ru.
  1560 | D:2      | Slain by a worm

Vault maps used:
D:1:      onia_arrival_mini_maze, serial_bayou_crossing
D:2:      yredelemnul_altar_generic, grunt_temple_overflow_open,
          lemuel_doored_altar, lemuel_round_altar, grunt_ministairs_11,
          nicolae_dithmenos_shadow_blocks, uniq_jessica

Skill      XL: |  1  2 |
---------------+-------+-----
Necromancy     | 5 |  5.8
Dodging        | |  1.7
Stealth        | |  1.7
Spellcasting   | |  2.0

Action                   || total
-------------------------++-------
Melee: Unarmed           ||     6
 Cast: Pain              ||    43
  Use: Scroll            ||     5
  Eat: Chunk             ||     1
Armor: Robe              ||     4
Dodge: Dodged            ||     5

Table legend:
 A = Spawn XP
 B = Non-spawn XP
 C = Spawn XP percentage of total XP
 D = Spawn monster count
 E = Non-spawn monster count
 F = Spawn count percentage of total count
 G = Total turns spent on level
                    A         B        C        D         E        F      G
               +---------+---------+-------+---------+---------+-------+---------
         Total |       0 |      67 |   0.0 |       0 |      18 |   0.0 |  1560
               +---------+---------+-------+---------+---------+-------+---------
           D:1 |       0 |      21 |   0.0 |       0 |      13 |   0.0 |   961
           D:2 |       0 |      46 |   0.0 |       0 |       5 |   0.0 |   599
               +---------+---------+-------+---------+---------+-------+---------
